AoeStats
← MR1BOOMBOX

Arena

508294701Analyzed
3v3 RM · 12d ago on Sep 21, 2026· 85m 22s· 6 players
Game mode
Random Map
Map size
Normal (6 player)
Population
200
Speed
Normal
Resources
Standard
Victory
Conquest
Starting age
Dark Age
Ending age
Imperial Age
RankedLock teamsTeams togetherTeam positionsShared explorationLock speedFull tech treeHidden civsTurbo modeCheats
Victory
Defeat
🇮🇪 Britons · Ireland
912
+17
🇬🇧 Tupi · United Kingdom
912
+17
🇬🇧 Magyars · United Kingdom
912
+17
🇺🇸 Persians · United States
988
-19
🇺🇸 Franks · United States
918
-16
🇺🇸 Burgundians · United States
916
-45
Kissing Stone
3:03 Loom
10:41 Feudal Age
18:29 Castle Age
16:33 Horse Collar
16:44 Double-Bit Axe
16:56 Stone Mining
18:02 Forging
17:16 Champi Runner
19:13 Wheelbarrow
18:25 Town Watch
20:00 Bow Saw
19:33 Champi Warrior
20:54 Heavy Plow
21:33 Iron Casting
25:10 Pikeman
25:49 Fletching
26:00 Padded Archer Armor
33:32 Imperial Age
33:41 Squires
34:01 Halberdier
34:57 Bodkin Arrow
35:05 Scale Mail Armor
35:01 Bodkin Arrow
35:22 Leather Archer Armor
39:29 Hoardings
38:15 Elite Blackwood Archer
39:15 Conscription
39:01 Curare
42:05 Two-Man Saw
40:57 Gold Mining
41:41 Elite Champi Warrior
42:02 Capped Ram
43:45 Chain Mail Armor
43:31 Bracer
44:01 Ring Archer Armor
50:50 Siege Ram
54:44 Plate Mail Armor
54:12 Murder Holes
53:57 Treadmill Crane
54:38 Ballistics
55:19 Chemistry
54:47 Elite Ibirapema Warrior
55:13 Heavy Scorpion
69:29 Elite Skirmisher
74:11 Caciques
Maigh Nuad Warrior
3:26 Loom
10:23 Feudal Age
11:07 Double-Bit Axe
11:03 Horse Collar
16:38 Gold Mining
19:16 Padded Archer Armor
19:06 Fletching
23:27 Castle Age
21:28 Stone Mining
21:39 Scale Mail Armor
21:48 Scale Barding Armor
21:54 Forging
24:38 Husbandry
23:59 Light Cavalry
24:52 Bow Saw
24:44 Heavy Plow
25:20 Gold Shaft Mining
29:02 Leather Archer Armor
30:54 Ballistics
30:15 Treadmill Crane
31:47 Masonry
31:33 Murder Holes
37:46 Imperial Age
35:31 Bodkin Arrow
36:43 Chain Mail Armor
37:04 Iron Casting
37:56 Town Watch
38:47 Wheelbarrow
38:36 Chain Barding Armor
38:48 Conscription
39:51 Two-Man Saw
38:54 Bracer
39:56 Heavy Scorpion
42:16 Warwolf
41:39 Elite Longbowman
43:33 Blast Furnace
43:04 Ring Archer Armor
43:10 Plate Barding Armor
43:06 Plate Mail Armor
44:14 Chemistry
43:24 Fortified Wall
43:45 Architecture
44:33 Yeomen
45:33 Siege Engineers
46:51 Cavalier
49:40 Man-at-Arms
50:23 Squires
50:09 Arson
49:45 Pikeman
50:11 Gambesons
53:57 Halberdier
65:26 Crossbowman
65:52 Arbalester
70:21 Long Swordsman
70:30 Capped Ram
74:01 Two-Handed Swordsman
76:00 Champion
Armistice
3:42 Loom
11:28 Feudal Age
17:41 Castle Age
16:16 Double-Bit Axe
16:37 Stone Mining
19:31 Horse Collar
20:23 Town Watch
21:08 Corvinian Army
21:31 Scale Barding Armor
26:57 Chain Barding Armor
34:30 Pikeman
41:26 Imperial Age
39:53 Bloodlines
39:44 Husbandry
42:29 Wheelbarrow
42:16 Bow Saw
41:33 Halberdier
43:42 Scale Mail Armor
45:33 Chain Mail Armor
51:12 Murder Holes
51:56 Arson
53:03 Cavalier
55:51 Plate Barding Armor
55:29 Paladin
58:18 Heavy Plow
58:49 Masonry
58:10 Light Cavalry
59:49 Hussar
81:29 Hoardings
81:26 Conscription
81:44 Crop Rotation
81:08 Gold Mining
82:38 Two-Man Saw
Lil_Sleezy
9:39 Feudal Age
15:00 Castle Age
13:14 Double-Bit Axe
15:45 Wheelbarrow
17:21 Bow Saw
17:03 Horse Collar
17:55 Loom
21:17 Hand Cart
21:22 Heavy Plow
22:57 Gold Mining
22:58 Stone Mining
23:57 Scale Barding Armor
24:03 Forging
24:36 Gold Shaft Mining
25:42 Stone Shaft Mining
24:59 Town Watch
26:10 Chain Barding Armor
26:26 Iron Casting
28:13 Bloodlines
28:03 Husbandry
28:50 Ballistics
30:56 Fletching
31:37 Murder Holes
34:59 Imperial Age
34:37 Cavalier
37:03 Plate Barding Armor
37:29 Blast Furnace
35:58 Savar
40:35 Conscription
46:04 Citadels
57:57 Light Cavalry
58:52 Hussar
60:13 Kamandaran
61:21 Two-Man Saw
61:01 Crossbowman
61:47 Thumb Ring
61:41 Bodkin Arrow
61:47 Padded Archer Armor
63:57 Chemistry
63:05 Caravan
85:01 Hoardings
MR1BOOMBOX
6:08 Wheelbarrow
5:20 Loom
20:27 Feudal Age
21:44 Hand Cart
33:03 Castle Age
30:53 Town Watch
33:42 Crossbowman
35:30 Man-at-Arms
36:51 Long Swordsman
37:33 Squires
37:19 Arson
50:48 Double-Bit Axe
64:05 Bow Saw
Rival_MG
7:26 Loom
10:20 Feudal Age
14:01 Double-Bit Axe
17:40 Castle Age
19:33 Wheelbarrow
29:56 Scale Barding Armor
30:12 Gold Mining
31:13 Hand Cart
31:48 Gold Shaft Mining
32:47 Ballistics
32:23 Murder Holes
32:56 Chain Barding Armor
32:51 Elite Skirmisher
33:26 Fletching
34:49 Husbandry
37:48 Imperial Age
35:42 Stone Mining
36:13 Forging
36:30 Bodkin Arrow
36:36 Padded Archer Armor
37:49 Iron Casting
38:39 Bow Saw
38:55 Conscription
40:04 Chemistry
38:55 Cavalier
42:58 Plate Barding Armor
43:18 Pikeman
44:00 Squires
44:40 Scale Mail Armor
45:41 Blast Furnace
45:05 Paladin
46:36 Caravan
47:15 Halberdier
47:45 Arson
60:04 Masonry
60:01 Siege Engineers
60:09 Fortified Wall
77:40 Light Cavalry
Connection lost

Rejoining the realm…

Still unreachable

The connection could not be restored.

Session expired

The server has moved on; the page needs a fresh start.